 Dungeon Crawl Stone Soup version 0.30-a0-1008-g30c9307041 (webtiles) character file.

Game seed: 16412709466962361039

640264 bobo the Axe Maniac (level 27, -13/300 HPs)
             Began as a Hill Orc Berserker on Apr 4, 2023.
             Was the Champion of Trog.
             Mangled by an Orb Guardian (31 damage)
             ... on level 5 of the Realm of Zot on Apr 6, 2023.
             The game lasted 03:52:47 (60942 turns).

bobo the Axe Maniac (Hill Orc Berserker)           Turns: 60942, Time: 03:52:48

Health: -13/300    AC: 42    Str: 40    XL:     27
Magic:  2/23       EV: 19    Int:  6    God:    Trog [******]
Gold:   7929       SH:  0    Dex: 16    Spells: 26/26 levels left

rFire   + + +      SeeInvis +    a - +9 battleaxe of Pefruypp {heavy, rF+ Will+ rCorr Dex+5}
rCold   + + +      Faith    .    (shield currently unavailable)
rNeg    + + .      Spirit   .    z - +10 plate armour of the Ego {+Blink +Inv rF+++ Dex-4}
rPois   +          Reflect  .    p - -2 hat of the Alchemist {rElec rPois rF+ rC+ rN+ Will+ rMut rCorr}
rElec   +          Rampage  .    j - +2 cloak {rC+}
rCorr   +          Rnd*Tele +    e - +2 pair of gloves
rMut    +                        u - +2 pair of boots of Trial and Error {Regen+ Str+2 Dex+4}
Will    +++++                    M - amulet of regeneration Stlth
                                 R - ring of Liunloyw {rN+ Will+}
HPRegen 4.10/turn                A - ring of Okates {rC+ Will+ Dex+2 SInv}
MPRegen 0.18/turn

@: about to teleport, silenced, strong-willed, regenerating, studying 2 skills
A: claws 1, sense surroundings 1, regeneration 1, robust 1, strong 1,
teleportitis 1
}: 5/15 runes: decaying, slimy, silver, abyssal, gossamer
a: Renounce Religion, Evoke Blink, Evoke Invisibility


You were on level 5 of the Realm of Zot.
You worshipped Trog.
Trog was exalted by your worship.
You visited 11 branches of the dungeon, and saw 53 of its levels.
You visited the Abyss 1 time.
You visited 1 bazaar.
You also visited: Trove, Bailey, Gauntlet, Ice Cave and Wizlab.

You collected 10019 gold pieces.
You spent 2090 gold pieces at shops.

Inventory:

Hand Weapons
 a - the +9 battleaxe of Pefruypp (weapon) {heavy, rF+ Will+ rCorr Dex+5}
   (Trog gifted it to you on level 1 of the Orcish Mines)

   Dex:       It affects your dexterity (+5).
   rF:        It protects you from fire.
   rCorr:     It protects you from acid and corrosion.
   Will:      It increases your willpower.
 q - a +8 antimagic executioner's axe
 s - a +7 vampiric battleaxe
Missiles
 C - 4 silver javelins
 N - 4 boomerangs (quivered)
Armour
 e - a +2 pair of gloves (worn)
 j - a +2 cloak of cold resistance (worn)
 p - the -2 hat of the Alchemist (worn) {rElec rPois rF+ rC+ rN+ Will+ rMut rCorr}
   (You found it on level 5 of the Vaults)

   rF:        It protects you from fire.
   rC:        It protects you from cold.
   rElec:     It insulates you from electricity.
   rPois:     It protects you from poison.
   rN:        It protects you from negative energy.
   rCorr:     It protects you from acid and corrosion.
   rMut:      It protects you from mutation.
   Will:      It increases your willpower.
 u - the +2 pair of boots of Trial and Error (worn) {Regen+ Str+2 Dex+4}
   (You acquired it on level 3 of the Depths)

   Str:       It affects your strength (+2).
   Dex:       It affects your dexterity (+4).
   Regen:     It increases your rate of health regeneration.
 z - the +10 plate armour of the Ego (worn) {+Blink +Inv rF+++ Dex-4}
   (You took it off a minotaur in a Gauntlet)

   Dex:       It affects your dexterity (-4).
   rF:        It renders you almost immune to fire.
   +Inv:      It lets you turn invisible.
   +Blink:    It lets you blink.
Jewellery
 g - the ring of Eternity {rN+ rCorr Str+4 Int+4}
   (You found it on level 5 of the Vaults)

   [ring of positive energy]

   Str:       It affects your strength (+4).
   Int:       It affects your intelligence (+4).
   rN:        It protects you from negative energy.
   rCorr:     It protects you from acid and corrosion.
 A - the ring of Okates (right hand) {rC+ Will+ Dex+2 SInv}
   (You bought it in a shop on level 6 of the Dungeon)

   [ring of see invisible]

   Dex:       It affects your dexterity (+2).
   rC:        It protects you from cold.
   SInv:      It lets you see invisible.
   Will:      It increases your willpower.
 M - an amulet of regeneration (around neck)
 R - the ring of Liunloyw (left hand) {rN+ Will+}
   (You took it off a deep elf demonologist on level 5 of the Vaults)

   [ring of positive energy]

   rN:        It protects you from negative energy.
   Will:      It increases your willpower.
Wands
 b - a wand of polymorph (31)
 d - a wand of roots (51)
 x - a wand of digging (10)
 J - a wand of flame (49)
 S - a wand of mindburst (22)
 W - a wand of light (25)
Scrolls
 c - 8 scrolls of teleportation
 m - 15 scrolls of fear
 o - 8 scrolls of immolation
 r - 2 scrolls of silence
 w - a scroll of enchant armour
 B - 12 scrolls of poison
 E - 4 scrolls of butterflies
 F - 9 scrolls of fog
 I - 5 scrolls of blinking
 K - a scroll of brand weapon
 L - a scroll of enchant weapon
 Z - 2 scrolls of magic mapping
Potions
 f - 15 potions of cancellation
 h - 9 potions of might
 i - 25 potions of curing
 k - 12 potions of haste
 D - a potion of invisibility
 G - 2 potions of heal wounds
 H - 3 potions of berserk rage
 O - 7 potions of ambrosia
 P - 5 potions of magic
 Q - 7 potions of flight
 T - 5 potions of resistance
 V - 2 potions of mutation
Miscellaneous
 l - the horn of Geryon (inert)
 n - a phantom mirror
 t - a tin of tremorstones (2/2)
 v - a lightning rod (4/4)
 y - a box of beasts
 U - a phial of floods
 Y - a condenser vane


   Skills:
 O Level 27 Fighting
 O Level 27 Axes
 + Level 12.8 Throwing
 - Level 25.5 Armour
 - Level 18.0 Dodging
 - Level 3.1 Shields
 - Level 24.6 Evocations


You had 26 spell levels left.
You didn't know any spells.
Your spell library was empty.

Dungeon Overview and Level Annotations

Branches:
Dungeon (15/15)            Temple (0/1) D:6            Lair (5/5) D:11
  Swamp (4/4) Lair:3       Spider (4/4) Lair:2        Slime (5/5) Lair:4
    Orc (2/2) D:10            Elf (3/3) Orc:2        Vaults (5/5) D:14
  Crypt (0/3) Vaults:2     Depths (4/4) D:15           Hell (visited)
    Zot (5/5) Depths:4     Bailey (visited)           IceCv (visited)
 WizLab (visited)         Gauntlet (visited)
    Dis: Hell:1         Geh: Hell:1         Coc: Hell:1         Tar: Hell:1

Altars:
Ashenzari
Cheibriados
Elyvilon
Fedhas
Kikubaaqudgha
Makhleb
Qazlal
Sif Muna
Wu Jian
Yredelemnul
The Shining One
Beogh
Jiyva

Shops:
D:6 =   D:7 (   D:9 ?[((   D:10 *   Orc:2 [=([*   Elf:1 (   Elf:3 *

Portals:
Hell: Depths:1 Depths:2 Depths:3 Depths:4
Abyss: Depths:1 Depths:3
Pandemonium: Depths:2
Ziggurat: Depths:2

Annotations:
Zot:2 1 transporter


Innate Abilities, Weirdness & Mutations

You have sharp fingernails.
You passively map a small area around you.
Your natural rate of healing is unusually fast.
You are robust. (+10% HP)
Your muscles are strong. (Str +4, Int/Dex -1)
You are occasionally teleported next to monsters.


Message History

The storm dragon barely misses you.
The storm dragon tramples you but does no damage.
Your hell beast closely misses the storm dragon.
Your hell beast tramples the storm dragon!
The storm dragon holds its ground!
The Orb Guardian hits you!!
* * * LOW HITPOINT WARNING * * *
Your life force feels restored.
Unknown command.
You feel much better. The Orb Guardian misses you.
A moth of wrath comes into view. x2
The moth of wrath goads the Orb Guardian on!
The Orb Guardian goes berserk!
The moth of wrath goads the hell beast on!
The hell beast goes berserk!
The moth of wrath goads the storm dragon on!
The storm dragon goes berserk!
The storm dragon bites you.
* * * LOW HITPOINT WARNING * * *
The storm dragon claws you but does no damage.
The storm dragon tramples you but does no damage.
The Killer Klown barely misses your hell beast.
The Orb Guardian closely misses you.
Your hell beast bites the storm dragon!
Your hell beast tramples the storm dragon.
The storm dragon holds its ground!
The Orb Guardian hits you!!
* * * LOW HITPOINT WARNING * * *
Magic scrolls do not work when you're silenced!
Unknown command.
Unknown command.
You blink.
A storm dragon comes into view.
Found 4 atropa-tipped darts.
The Orb Guardian hits you!!
* * * LOW HITPOINT WARNING * * *
The hell beast rages.
The Orb Guardian hits you but does no damage.
The storm dragon bites your hell beast.
The storm dragon closely misses your hell beast.
The storm dragon tramples your hell beast.
Your hell beast stumbles backwards!
The moth of wrath bites you but does no damage.
The Orb Guardian hits you!!
You die...

*,,,,,,,,,,,,,,,,,,
*,,,,,,.^.,,,,,,,,,
**,,,,,^.D,,,,,,,,,
**,,,....,,,,,,,,,
**^y..p.,,,,,,,,,
*▓.....*********
*#y....(,,,,,,,,,
##y......,,,,,,,,,
##@y2..)..,,,,,,,,,
#XX*......,,,,,,,,,
#§p.....^.,,,,,,,,,
#2D.......^,,,,,,,,
#.........,,,,,^,,,
#.......$.,,,,,,,,,
#.........,,,,,,,,,
##.^......,,,,,,,,,
*#......,,,,,,,,,,


You could see an orb of fire (unsilenced), 2 Killer Klowns, 2 storm dragons, a
hell beast (summoned, berserk), 2 Orb Guardians, 4 moths of wrath and a friendly
hell beast (summoned).

Vanquished Creatures
  the Royal Jelly (Slime:5)
  2 orbs of fire
  2 ancient liches
  A juggernaut (Depths:4)
  Margery (Vaults:4)
  Vv (Zot:3)
  Boris (twice) (Vaults:4 Depths:4)
  the Lernaean hydra (Swamp:4)
  Saint Roka (Depths:4)
  Parghit (Depths:3)
  Geryon (Hell)
  A curse toe (Zot:2)
  8 golden dragons
  2 bone dragons (Depths:4)
  Hellbinder (WizLab)
  Jorgrun (Orc:1)
  2 liches
  8 tentacled monstrosities
  A walking crystal tome (Depths:1)
  3 Orb Guardians (Zot:5)
  A walking frostbound tome (Depths:3)
  2 deep elf blademasters (Elf:3)
  6 quicksilver dragons
  The ghost of kazekaze the Slayer, an adept MiBe of Trog (Elf:3)
  4 titans (Vaults:5)
  28 acid blobs
  A deep elf master archer (Elf:3)
  4 thorn hunters
  Agnes (D:14)
  Gastronok (D:12)
  4 tentacled starspawn (Abyss:3)
  Frances (D:12)
  6 sphinxes
  The ghost of Enkazo Toplu the Bludgeoner, an adept AtWr of Ashenzari (Swamp:4)
  7 death cobs
  13 storm dragons
  9 tengu reavers
  11 shadow dragons
  12 fire giants
  17 azure jellies
  19 rockslimes
  9 frost giants
  4 draconian knights
  5 emperor scorpions
  5 deep elf sorcerers
  2 iron dragons
  Aizul (Vaults:4)
  6 draconian monks
  3 draconian scorchers
  3 ghouls (Swamp:2)
  3 draconian shifters
  Louise (Swamp:3)
  10 ghost moths
  19 vault wardens
  2 orc warlords
  21 ironbound preservers
  9 deep elf elementalists
  A reaper (Hell)
  11 quicksilver oozes
  3 draconian stormcallers
  26 very ugly things
  5 war gargoyles
  5 cacodemons
  3 broodmothers
  4 ironbound thunderhulks
  A demonspawn blood saint (WizLab)
  8 stone giants
  4 draconian annihilators
  A vampire knight (Depths:4)
  10 dire elephants
  8 purple draconians
  6 black draconians
  3 deep elf annihilators
  A bunyip (Swamp:3)
  5 yellow draconians
  9 spark wasps
  4 deep elf demonologists
  3 green draconians
  7 eleionomae
  A minotaur (Gauntlet)
  5 red draconians
  2 blizzard demons (WizLab)
  Snorg (D:10)
  6 white draconians
  The ghost of Naimef the Scorcher, a journeyman TeFE of Hepliaklqana (Lair:5)
  9 deep elf death magi (Elf:3)
  13 ettins
  12 yaktaur captains
  2 green deaths (WizLab)
  2 shambling mangroves
  9 deep elf high priests
  15 fire dragons
  2 rakshasas (Depths:3)
  Josephine (D:12)
  5 entropy weavers
  36 vault guards
  Harold (D:9)
  17 hydras
  7 ice dragons
  6 spriggan air magi
  17 great orbs of eyes
  2 peacekeepers
  2 ghost crabs
  2 hell beasts (WizLab)
  14 ironbound frosthearts
  A death knight (D:15)
  5 radroaches
  14 centaur warriors
  6 deep troll shamans
  A catoblepas (D:13)
  12 boulder beetles
  A vampire mage (Depths:4)
  31 dancing weapons
  5 tengu warriors
  8 alligators
  5 two-headed ogres
  6 death yaks (Lair:5)
  6 deep troll earth magi
  2 hell hogs (Depths:1)
  A soul eater (WizLab)
  Nergalle (D:12)
  7 spriggan berserkers
  2 orc high priests (Orc:2)
  7 hell knights
  2 shadow wraiths
  14 deep elf knights
  2 fire crabs
  10 sun demons
  3 skysharks (Lair:5)
  A wretched star (Abyss:3)
  2 sixfirhies (WizLab)
  5 skeletal warriors (D:14)
  7 iron trolls
  A flayed ghost (Depths:2)
  2 sun moths (Spider:1)
  5 goliath frogs
  3 bog bodies
  5 pharaoh ants
  59 deep trolls
  10 orb spiders
  A death drake (shapeshifter) (Vaults:5)
  14 swamp dragons
  4 spriggan druids
  12 deep elf archers
  2 shadow demons (WizLab)
  2 glowing orange brains
  3 lindwurms (Vaults:4)
  An obsidian statue (Vaults:4)
  6 phantasmal warriors
  4 orc knights
  15 ironbound convokers
  31 deep elf pyromancers
  4 large abominations (Depths:3)
  7 wizards
  Pikel (D:7)
  2 orange crystal statues
  11 steelbarb worms
  32 deep elf zephyrmancers
  8 starcursed masses (Abyss:3)
  A harpy (shapeshifter) (D:14)
  28 wolf spiders
  An oklob plant (Lair:5)
  3 orc sorcerers
  4 necromancers
  35 ugly things
  3 fauns (shapeshifter)
  2 salamanders (Depths:1)
  2 manticores
  The ghost of mandoloar the Sneak, a novice OpTm of Gozag (D:5)
  An elephant (shapeshifter) (Vaults:5)
  20 moths of wrath
  6 shining eyes
  7 will-o-the-wisps
  A moth of wrath (shapeshifter) (Depths:3)
  3 black mambas (Lair:4)
  6 demonic crawlers
  2 rust devils (WizLab)
  16 vault sentinels
  Joseph (D:7)
  6 torpor snails
  4 cyclopes
  A water nymph (shapeshifter) (Vaults:5)
  7 orange demons (WizLab)
  A black mamba (shapeshifter) (D:15)
  22 cane toads
  5 eyes of devastation
  9 komodo dragons
  A hellion (WizLab)
  3 unseen horrors
  3 freezing wraiths
  2 kobold demonologists
  13 rime drakes
  2 tengu conjurers (Depths:1)
  2 ice devils
  A red devil (WizLab)
  36 yaktaurs
  7 trolls
  24 polar bears
  A bloated husk (Swamp:2)
  6 tyrant leeches
  22 tarantellas
  3 meliai (Spider:3)
  15 hornets
  25 blink frogs
  4 dream sheep (Lair:5)
  A wind drake (shapeshifter) (Elf:3)
  A blink frog (shapeshifter) (D:14)
  129 slime creatures
  A jumping spider (shapeshifter) (Depths:3)
  22 culicivoras
  12 spriggans
  25 jumping spiders
  2 shadows
  A centaur simulacrum (D:14)
  8 water elementals
  4 air elementals
  53 yaks
  3 fire bats (Gauntlet)
  4 basilisks
  8 wraiths
  9 wyverns
  3 ynoxinuls (WizLab)
  27 vampire mosquitoes
  A neqoxec (WizLab)
  3 fire elementals
  44 redbacks
  2 golden eyes (Slime:4)
  A chaos spawn (Depths:3)
  5 wargs
  13 swamp worms
  2 acid dragons
  15 water moccasins
  A meliai simulacrum (D:14)
  10 swamp drakes
  A sky beast (D:5)
  4 black bears
  44 orc warriors
  3 ice beasts
  9 ogres
  6 boggarts
  A lemure (D:7)
  8 wolves
  5 centaurs
  7 kobold brigands
  18 bullfrogs
  2 scorpions (D:5)
  3 earth elementals
  14 wights
  17 killer bees
  9 electric eels
  5 howler monkeys
  3 jellies (Lair:4)
  A quasit (D:8)
  5 hounds
  19 orc priests
  A sleepcap (D:8)
  Crazy Yiuf (D:5)
  Jessica (D:2)
  4 iguanas
  Ijyb (D:3)
  Natasha (twice) (D:3)
  30 orc wizards
  8 small abominations (Depths:3)
  7 gnolls
  7 adders
  A shadow imp (D:8)
  6 white imps
  An ufetubus (D:8)
  3 worms
  3 dart slugs
  132 orcs
  4 bats
  8 endoplasms
  A giant cockroach (D:3)
  24 goblins
  12 hobgoblins
  5 jackals (D:1)
  21 kobolds
  4 quokkas
  5 ball pythons
  A frilled lizard (D:2)
  7 rats
  A briar patch (Swamp:4)
  2 starspawn tentacles (Abyss:3)
2288 creatures vanquished.

Vanquished Creatures (collateral kills)
  A dread lich (Zot:5)
  A curse toe (Zot:4)
  An electric golem (Zot:4)
  A tentacled monstrosity (Swamp:4)
  A quicksilver dragon (Zot:4)
  2 death cobs (Zot:4)
  A draconian monk (Zot:2)
  An emperor scorpion (Spider:4)
  A vault warden (Vaults:5)
  A draconian scorcher (Zot:2)
  A ghost moth (Spider:4)
  A cacodemon (Zot:4)
  A draconian annihilator (Zot:2)
  2 black draconians (Zot:4)
  A bunyip (Swamp:3)
  A purple draconian (Depths:4)
  A hell beast (WizLab)
  A hydra (Lair:3)
  A dancing weapon (Elf:2)
  A spriggan (Swamp:3)
  A deep elf knight (Elf:3)
  A necromancer (Vaults:4)
  A steelbarb worm (Spider:4)
  An orc knight (Bailey)
  2 deep elf zephyrmancers
  A tyrant leech (Swamp:3)
  A hornet (Swamp:3)
  2 redbacks
  2 swamp worms (Swamp:3)
34 creatures vanquished.

Vanquished Creatures (others)
  A Killer Klown (Zot:4)
  2 draconian knights (Zot:2)
  A draconian scorcher (Zot:2)
  A draconian stormcaller (Zot:2)
  A deep elf elementalist (Elf:3)
  A draconian annihilator (Zot:2)
  An ironbound preserver (Vaults:5)
  A green draconian (Zot:2)
  A vampire knight (Depths:1)
  A red draconian (Zot:4)
  An ettin (Vaults:5)
  A deep elf death mage (Elf:3)
  A great orb of eyes (Vaults:4)
  A yaktaur captain (Vaults:5)
  A deep elf knight (Elf:3)
  A deep troll (Depths:1)
  A deep elf zephyrmancer (Elf:3)
  A wolf spider (Spider:2)
  A hellion (Depths:1)
  A bloated husk (Swamp:1)
  A hellwing (WizLab)
  A slime creature (Slime:5)
  A water elemental (Depths:4)
  A spriggan (Swamp:1)
  An orc priest (Depths:4)
  3 briar patches
  23 demonic plants
  23 foxfires
  27 fungi
  109 plants
  6 starspawn tentacles (Abyss:3)
217 creatures vanquished.

Grand Total: 2539 creatures vanquished

Notes
Turn   | Place    | Note
-------+----------+-------------------------------------------
     0 | D:1      | bobo the Hill Orc Berserker began the quest for the Orb.
     0 | D:1      | Reached XP level 1. HP: 19/19 MP: 1/1
   204 | D:1      | Reached XP level 2. HP: 26/27 MP: 2/2
   685 | D:1      | Reached XP level 3. HP: 31/33 MP: 3/3
   840 | D:2      | Noticed Jessica
   842 | D:2      | Killed Jessica
   934 | D:2      | Reached XP level 4. HP: 29/40 MP: 4/4
   957 | D:2      | Reached ** piety under Trog
   958 | D:2      | Reached skill level 1 in Throwing
  1542 | D:3      | Noticed Ijyb
  1549 | D:3      | Killed Ijyb
  1550 | D:3      | Reached skill level 5 in Axes
  1550 | D:3      | Reached XP level 5. HP: 47/47 MP: 5/5
  2100 | D:3      | Noticed Natasha
  2105 | D:3      | Killed Natasha
  2117 | D:3      | Noticed Natasha
  2122 | D:3      | Killed Natasha
  2263 | D:3      | Found a blossoming altar of Fedhas.
  2423 | D:4      | Noticed an ice beast
  2438 | D:4      | Killed an ice beast
  2439 | D:4      | Reached skill level 5 in Fighting
  2439 | D:4      | Reached XP level 6. HP: 40/56 MP: 6/6
  2773 | D:4      | Found a glowing golden altar of the Shining One.
  3074 | D:4      | Reached XP level 7. HP: 60/61 MP: 7/7
  3303 | D:5      | Entered Level 5 of the Dungeon
  3505 | D:5      | Found a runed translucent door.
  3506 | D:5      | Noticed mandoloar's ghost (novice OpTm)
  3776 | D:5      | Reached XP level 8. HP: 71/71 MP: 8/8
  4081 | D:5      | Found a runed translucent door.
  4082 | D:5      | Noticed Crazy Yiuf
  4092 | D:5      | Killed Crazy Yiuf
  5001 | D:6      | Found a staircase to the Ecumenical Temple.
  5021 | D:6      | You fall into a shaft and drop 1 floor!
  5224 | D:7      | Found a broken altar of Ashenzari.
  5298 | D:7      | Found a snail-covered altar of Cheibriados.
  5298 | D:7      | Found a stormy altar of Qazlal.
  5302 | D:7      | Found an ancient bone altar of Kikubaaqudgha.
  5304 | D:7      | Found a burning altar of Makhleb.
  5340 | D:7      | Reached XP level 9. HP: 74/79 MP: 9/9
  5458 | D:7      | Reached skill level 5 in Dodging
  5514 | D:7      | Noticed Pikel
  5528 | D:7      | Reached skill level 5 in Throwing
  5531 | D:7      | Killed Pikel
  5574 | D:7      | Found Lacau's Antique Weapon Emporium.
  5589 | D:7      | Bought a runed war axe for 169 gold pieces
  5800 | D:7      | Gained mutation: You have a pair of small horns on your
                  | head. [mutagenic glow]
  5928 | D:7      | Noticed Joseph
  5939 | D:7      | Killed Joseph
  6059 | D:8      | Reached *** piety under Trog
  6173 | D:8      | Reached XP level 10. HP: 91/91 MP: 10/10
  6212 | D:8      | Reached skill level 10 in Axes
  7013 | D:9      | Lost mutation: You have a pair of small horns on your head.
                  | [potion of mutation]
  7013 | D:9      | Gained mutation: You do not regenerate when monsters are
                  | visible. [potion of mutation]
  7013 | D:9      | Gained mutation: Your flesh is heat resistant. (rF+)
                  | [potion of mutation]
  7089 | D:9      | Reached skill level 10 in Fighting
  7101 | D:9      | Found Fepp's Magic Scroll Boutique.
  7111 | D:9      | Bought a scroll of enchant weapon for 90 gold pieces
  7111 | D:9      | Bought a scroll of enchant armour for 90 gold pieces
  7111 | D:9      | Bought a scroll of fear for 48 gold pieces
  7129 | D:9      | Found Looqekiqi's Antique Armour Emporium.
  7351 | D:9      | Found Nagoc's Weapon Emporium.
  7448 | D:9      | Noticed Harold
  7455 | D:9      | Killed Harold
  7459 | D:9      | Lost mutation: You do not regenerate when monsters are
                  | visible. [potion of mutation]
  7459 | D:9      | Lost mutation: Your flesh is heat resistant. (rF+) [potion
                  | of mutation]
  7459 | D:9      | Gained mutation: You possess an exceptional clarity of
                  | mind. [potion of mutation]
  7459 | D:9      | Gained mutation: You are partially covered in iridescent
                  | scales. (AC +2) [potion of mutation]
  7459 | D:9      | Gained mutation: You are robust. (+10% HP) [potion of
                  | mutation]
  7459 | D:9      | Gained mutation: Your spells are a little harder to cast,
                  | but a little more powerful. [potion of mutation]
  7480 | D:9      | Reached **** piety under Trog
  7481 | D:9      | Found Zifou's Weapon Boutique.
  7484 | D:9      | Reached XP level 11. HP: 99/111 MP: 9/11
  7726 | D:9      | Noticed a two-headed ogre
  7732 | D:9      | Killed a two-headed ogre
  7733 | D:9      | Reached skill level 1 in Shields
  7982 | D:10     | Entered Level 10 of the Dungeon
  8014 | D:10     | Found a flagged portal.
  8048 | Bailey   | Entered a bailey
  8408 | Bailey   | Noticed an orc warlord
  8408 | Bailey   | Noticed an orc knight
  8426 | Bailey   | Killed an orc warlord
  8434 | Bailey   | Killed an orc knight
  8454 | Bailey   | Reached XP level 12. HP: 86/121 MP: 9/12
  8627 | D:10     | Upgraded the game from 0.30-a0-996-ga6910c8ee8 to
                  | 0.30-a0-1008-g30c9307041
  8702 | D:10     | Noticed Snorg
  8714 | D:10     | Killed Snorg
  8752 | D:10     | Reached skill level 5 in Armour
  8856 | D:10     | Found Saill's Assorted Antiques.
  9216 | D:10     | Found a staircase to the Orcish Mines.
  9349 | D:11     | Noticed a two-headed ogre
  9359 | D:11     | Killed a two-headed ogre
  9360 | D:11     | Reached XP level 13. HP: 77/128 MP: 4/13
  9598 | D:11     | Found a staircase to the Lair.
 10102 | D:11     | Reached skill level 1 in Evocations
 10394 | Lair:1   | Entered Level 1 of the Lair of Beasts
 10879 | Lair:1   | Reached ***** piety under Trog
 12100 | Lair:2   | Found a hole to the Spider Nest.
 12139 | Lair:2   | Identified 2 scrolls of acquirement
 12144 | Lair:2   | Acquired a manual of Dodging
 12146 | Lair:2   | Acquired a manual of Axes
 13486 | Lair:3   | Found a staircase to the Swamp.
 14319 | Lair:4   | Found a runed translucent door.
 14320 | Lair:4   | Found a viscous altar of Jiyva.
 14321 | Lair:4   | Found a staircase to the Slime Pits.
 14497 | Lair:4   | Reached XP level 14. HP: 141/141 MP: 9/14
 14943 | Lair:4   | Reached skill level 5 in Evocations
 15729 | Lair:5   | Entered Level 5 of the Lair of Beasts
 15995 | Orc:1    | Entered Level 1 of the Orcish Mines
 16015 | Orc:1    | Identified the +9 battleaxe of Pefruypp {heavy, rF+ Will+
                  | rCorr Dex+5} (Trog gifted it to you on level 1 of the
                  | Orcish Mines)
 16015 | Orc:1    | Received a gift from Trog
 16285 | Orc:2    | Entered Level 2 of the Orcish Mines
 16360 | Orc:2    | Found a staircase to the Elven Halls.
 16438 | Orc:2    | Found a roughly hewn altar of Beogh.
 16508 | Orc:2    | Found a roughly hewn altar of Beogh.
 16509 | Orc:2    | Found Uggyac's General Store.
 16570 | Orc:2    | Bought a wand of mindburst (1) for 18 gold pieces
 16642 | Orc:2    | Found Oxzej's Armour Shoppe.
 16664 | Orc:2    | Bought a +1 pair of boots of rampaging for 214 gold pieces
 16687 | Orc:2    | Bought a scarf of shadows for 156 gold pieces
 16867 | Orc:2    | Found a roughly hewn altar of Beogh.
 16868 | Orc:2    | Found Leowu's Jewellery Shop.
 16969 | Orc:2    | Found a roughly hewn altar of Beogh.
 17100 | Orc:2    | Noticed an orc warlord
 17106 | Orc:2    | Received a gift from Trog
 17116 | Orc:2    | Killed an orc warlord
 17118 | Orc:2    | Found Xiqagau's Antique Weapon Shoppe.
 17498 | Orc:2    | Found Edioskoh's Antique Armour Emporium.
 17499 | Orc:2    | Found a roughly hewn altar of Beogh.
 17512 | Orc:2    | Bought an opal-encrusted scale mail for 144 gold pieces
 17512 | Orc:2    | Identified the +5 scale mail "Ilete" {SInv} (You bought it
                  | in a shop on level 2 of the Orcish Mines)
 17846 | Orc:1    | Noticed Jorgrun
 17854 | Orc:1    | Killed Jorgrun
 18019 | Elf:1    | Entered Level 1 of the Elven Halls
 18454 | D:12     | Noticed Nergalle
 18469 | D:12     | Killed Nergalle
 18595 | D:12     | Noticed Gastronok
 18597 | D:12     | Noticed Josephine
 18602 | D:12     | Killed Gastronok
 18603 | D:12     | Killed Josephine
 18667 | D:12     | Noticed Frances
 18692 | D:12     | Killed Frances
 18693 | D:12     | Reached skill level 10 in Dodging
 18693 | D:12     | Reached XP level 15. HP: 150/150 MP: 11/15
 20195 | Lair:5   | Received a gift from Trog
 20734 | Lair:5   | Reached skill level 10 in Armour
 20797 | Lair:5   | Found a runed translucent gate.
 20797 | Lair:5   | Found a runed translucent gate.
 20797 | Lair:5   | Found a runed translucent gate.
 20948 | Lair:5   | Noticed Naimef's ghost (journeyman TeFE)
 21368 | Lair:5   | Killed Naimef's ghost
 21496 | Spider:1 | Entered Level 1 of the Spider Nest
 21509 | Spider:1 | Gained mutation: You are vulnerable to cold. (rC-)
                  | [mutagenic glow]
 21808 | Spider:1 | Reached skill level 15 in Fighting
 21825 | Spider:1 | Received a gift from Trog
 22155 | Spider:1 | Reached XP level 16. HP: 58/163 MP: 5/16
 24664 | Spider:3 | Received a gift from Trog
 25106 | Spider:4 | Entered Level 4 of the Spider Nest
 25147 | Spider:4 | Found a frozen archway.
 25179 | IceCv    | Entered an ice cave
 25884 | IceCv    | Reached XP level 17. HP: 161/174 MP: 14/17
 26293 | IceCv    | Identified the ring of Ovyuceog {Ice rN+}
 26313 | IceCv    | Identified the +6 spear of the Tooth {distort, Str+7
                  | Stlth-}
 26997 | Spider:4 | Received a gift from Trog
 27323 | Spider:4 | Identified the +3 sling of the Girdle {freeze, rElec rN+
                  | rCorr}
 27609 | Spider:4 | Reached skill level 10 in Throwing
 27684 | Spider:4 | Identified the +2 pair of gloves of the Known World {Will+
                  | Str-5 Int+3 Dex+3}
 27706 | Spider:4 | Identified the +0 hat "Isodoala" {Str+5}
 27737 | Spider:4 | Got a gossamer rune of Zot
 27975 | Swamp:1  | Entered Level 1 of the Swamp
 29039 | Swamp:2  | Reached XP level 18. HP: 167/188 MP: 16/18
 29714 | Swamp:3  | Noticed Louise
 29724 | Swamp:3  | Killed Louise
 29729 | Swamp:3  | Received a gift from Trog
 29764 | Swamp:3  | Identified the +4 scale mail of Feasting {rElec rN++ Will-
                  | rCorr}
 30385 | Swamp:4  | Entered Level 4 of the Swamp
 30415 | Swamp:4  | Found the +8 storm bow {elec, penet}
 30455 | Swamp:4  | Noticed a tentacled monstrosity
 30461 | Swamp:4  | Killed a tentacled monstrosity
 30827 | Swamp:4  | Reached skill level 15 in Dodging
 30938 | Swamp:4  | Noticed the 27-headed Lernaean hydra
 30953 | Swamp:4  | Killed the 21-headed Lernaean hydra
 31090 | Swamp:4  | Found a runed translucent door.
 31091 | Swamp:4  | Noticed Enkazo Toplu's ghost (adept AtWr)
 31091 | Swamp:4  | Identified the +5 spear "Nyst" {flame, Fragile rPois rF++
                  | rC+}
 31112 | Swamp:4  | Killed Enkazo Toplu's ghost
 31113 | Swamp:4  | Reached skill level 15 in Armour
 31113 | Swamp:4  | Received a gift from Trog
 31292 | Swamp:4  | Got a decaying rune of Zot
 31984 | Slime:1  | Entered Level 1 of the Pits of Slime
 32000 | Slime:1  | Lost mutation: You possess an exceptional clarity of mind.
                  | [a shining eye]
 32833 | D:14     | Noticed Agnes
 32839 | D:14     | Killed Agnes
 32840 | D:14     | Reached XP level 19. HP: 153/199 MP: 14/19
 32874 | D:14     | Found a gate leading to a gauntlet.
 32883 | D:14     | Found a blossoming altar of Fedhas.
 32893 | Gauntlet | Entered a Gauntlet
 32893 | Gauntlet | Found a transporter.
 32893 | Gauntlet | Found a transporter.
 32900 | Gauntlet | Found a transporter.
 32902 | Gauntlet | Found a transporter.
 32920 | Gauntlet | Found a transporter.
 32935 | Gauntlet | Found a transporter.
 32947 | Gauntlet | Found a transporter.
 32955 | Gauntlet | Found a transporter.
 32972 | Gauntlet | Found a transporter.
 32980 | Gauntlet | Found a transporter.
 32997 | Gauntlet | Found a transporter.
 33020 | Gauntlet | Found a transporter.
 33135 | Gauntlet | Reached XP level 20. HP: 212/212 MP: 20/20
 33244 | Gauntlet | Identified the +10 plate armour of the Ego {+Blink +Inv
                  | rF+++ Dex-4}
 33445 | D:14     | Found a white marble altar of Elyvilon.
 33630 | D:14     | Found a gate to the Vaults.
 33635 | D:14     | Received a gift from Trog
 34057 | D:15     | Entered Level 15 of the Dungeon
 34088 | D:15     | Found a stormy altar of Qazlal.
 34845 | D:15     | Found a staircase to the Depths.
 35228 | Depths:1 | Entered Level 1 of the Depths
 35525 | Depths:1 | Found a one-way gate to the infinite horrors of the Abyss.
 35789 | Depths:1 | Gained mutation: You are weak. (Str -2) [a shining eye]
 35793 | Depths:1 | Gained mutation: You are clumsy. (Dex -2) [a shining eye]
 35955 | Depths:1 | Found a gateway to Hell.
 35987 | Depths:1 | Gained mutation: You occasionally lose the ability to read
                  | scrolls when taking damage. [a shining eye]
 35990 | Depths:1 | Lost mutation: Your spells are a little harder to cast, but
                  | a little more powerful. [a shining eye]
 35993 | Depths:1 | Lost mutation: You are clumsy. (Dex -2) [potion of
                  | mutation]
 35993 | Depths:1 | Lost mutation: You are robust. (+10% HP) [potion of
                  | mutation]
 35993 | Depths:1 | Gained mutation: You passively dampen the noise of your
                  | surroundings. [potion of mutation]
 35993 | Depths:1 | Gained mutation: You have sharp toenails. [potion of
                  | mutation]
 36006 | Depths:1 | Lost mutation: You have sharp toenails. [potion of
                  | mutation]
 36006 | Depths:1 | Lost mutation: You are vulnerable to cold. (rC-) [potion of
                  | mutation]
 36006 | Depths:1 | Lost mutation: You are weak. (Str -2) [potion of mutation]
 36006 | Depths:1 | Lost mutation: You passively dampen the noise of your
                  | surroundings. [potion of mutation]
 36007 | Depths:1 | Lost mutation: You are partially covered in iridescent
                  | scales. (AC +2) [potion of mutation]
 36007 | Depths:1 | Lost mutation: You occasionally lose the ability to read
                  | scrolls when taking damage. [potion of mutation]
 36007 | Depths:1 | Gained mutation: You are frail. (-10% HP) [potion of
                  | mutation]
 36007 | Depths:1 | Gained mutation: You have an increased reservoir of magic.
                  | (+10% MP) [potion of mutation]
 36007 | Depths:1 | Lost mutation: You have an increased reservoir of magic.
                  | (+10% MP) [potion of mutation]
 36007 | Depths:1 | Gained mutation: You are covered in fur. (AC +1) [potion of
                  | mutation]
 36008 | Depths:1 | Lost mutation: You are covered in fur. (AC +1) [potion of
                  | mutation]
 36008 | Depths:1 | Lost mutation: You are frail. (-10% HP) [potion of
                  | mutation]
 36008 | Depths:1 | Gained mutation: You passively dampen the noise of your
                  | surroundings. [potion of mutation]
 36008 | Depths:1 | Gained mutation: You are weak. (Str -2) [potion of
                  | mutation]
 36008 | Depths:1 | Gained mutation: You have a somewhat thin skeletal
                  | structure. (Dex +2, Stealth+) [potion of mutation]
 36225 | Depths:1 | Received a gift from Trog
 36441 | Depths:2 | Reached skill level 10 in Evocations
 36718 | Depths:2 | Found a one-way gate leading to the halls of Pandemonium.
 36718 | Depths:2 | Found a one-way gateway to a ziggurat.
 36907 | Vaults:1 | Entered Level 1 of the Vaults
 36985 | Vaults:1 | Reached XP level 21. HP: 178/203 MP: 21/21
 36997 | Vaults:1 | Found a magical portal.
 37018 | WizLab   | Entered The Hall of the Hellbinder
 37120 | WizLab   | Gained mutation: You occasionally lose the ability to read
                  | scrolls when taking damage. [a cacodemon]
 37230 | WizLab   | Lost mutation: You have a somewhat thin skeletal structure.
                  | (Dex +2, Stealth+) [potion of mutation]
 37230 | WizLab   | Lost mutation: You are weak. (Str -2) [potion of mutation]
 37230 | WizLab   | Gained mutation: You occasionally shout uncontrollably at
                  | your foes. [potion of mutation]
 37230 | WizLab   | Gained mutation: You are agile. (Dex +4, Str/Int -1)
                  | [potion of mutation]
 37231 | WizLab   | Lost mutation: You occasionally shout uncontrollably at
                  | your foes. [potion of mutation]
 37231 | WizLab   | Lost mutation: You occasionally lose the ability to read
                  | scrolls when taking damage. [potion of mutation]
 37231 | WizLab   | Lost mutation: You are agile. (Dex +4, Str/Int -1) [potion
                  | of mutation]
 37231 | WizLab   | Gained mutation: You have hidden genetic defects. [potion
                  | of mutation]
 37231 | WizLab   | Gained mutation: You passively map a small area around you.
                  | [potion of mutation]
 37300 | WizLab   | Found a burning altar of Makhleb.
 37301 | WizLab   | Noticed Vuaj
 37319 | WizLab   | Killed Vuaj the Hellbinder
 37332 | WizLab   | Identified the ring "Jelus" {EV+5 Int+2 Stlth+}
 37361 | WizLab   | Gained mutation: You are frail. (-10% HP) [a cacodemon]
 37373 | WizLab   | Identified the ring "Tietuos" {*Slow +Blink rN+++ rCorr
                  | Str-3}
 37631 | Vaults:1 | Reached ****** piety under Trog
 37865 | Vaults:1 | Gained mutation: You are clumsy. (Dex -2) [hidden defects]
 37934 | Vaults:1 | Received a gift from Trog
 38456 | Vaults:1 | Identified the staff of conjuration "Qutomuk" {rF+}
 38665 | Vaults:2 | Gained mutation: You are vulnerable to cold. (rC-) [hidden
                  | defects]
 38665 | Vaults:2 | Lost mutation: You have hidden genetic defects. [hidden
                  | defects expressed]
 38681 | Vaults:2 | Lost mutation: You are clumsy. (Dex -2) [potion of
                  | mutation]
 38681 | Vaults:2 | Lost mutation: You passively map a small area around you.
                  | [potion of mutation]
 38681 | Vaults:2 | Lost mutation: You are frail. (-10% HP) [potion of
                  | mutation]
 38681 | Vaults:2 | Gained mutation: Your muscles are strong. (Str +4, Int/Dex
                  | -1) [potion of mutation]
 38681 | Vaults:2 | Gained mutation: Your flesh is heat resistant. (rF+)
                  | [potion of mutation]
 38708 | Vaults:2 | Found a staircase to the Crypt.
 38708 | Vaults:2 | Found an ancient bone altar of Kikubaaqudgha.
 38708 | Vaults:2 | Found a basalt altar of Yredelemnul.
 38780 | Vaults:2 | Received a gift from Trog
 39421 | Vaults:2 | Identified the +2 falchion of Death's Door {venom, +Blink}
 39487 | Vaults:2 | Reached skill level 27 in Axes
 39565 | Vaults:2 | Reached XP level 22. HP: 215/215 MP: 22/22
 40046 | Vaults:3 | Received a gift from Trog
 40089 | Vaults:3 | Found a flickering gateway to a bazaar.
 40100 | Bazaar   | Entered a bazaar
 40107 | Bazaar   | Found Lamag's Antique Weapon Shoppe.
 40118 | Bazaar   | Found Funis's Antique Weapon Emporium.
 40134 | Bazaar   | Found Gejonag's Antique Armour Shoppe.
 40145 | Bazaar   | Found Fobroago's Antique Armour Emporium.
 40190 | Bazaar   | Bought a shiny plate armour for 338 gold pieces
 40215 | Bazaar   | Bought an ichor-stained halberd for 189 gold pieces
 40215 | Bazaar   | Identified the +2 halberd of Mayhem {heavy, Dex+7} (You
                  | bought it in a shop in a bazaar)
 40231 | Bazaar   | Bought a twisted spear for 160 gold pieces
 40231 | Bazaar   | Identified the +11 spear of Egomania {freeze, rC++ rN++
                  | Str-2} (You bought it in a shop in a bazaar)
 40676 | Vaults:3 | Received a gift from Trog
 41346 | Vaults:4 | Noticed Aizul
 41365 | Vaults:4 | Killed Aizul
 41626 | Vaults:4 | Received a gift from Trog
 41814 | Vaults:4 | Noticed Boris
 41841 | Vaults:4 | Killed Boris
 42067 | Vaults:4 | Noticed Margery
 42075 | Vaults:4 | Killed Margery
 42372 | Vaults:4 | Reached XP level 23. HP: 216/227 MP: 23/23
 42425 | Vaults:4 | Identified the +1 leather armour of Evetol {rCorr Str+9
                  | Int-4 Dex-2}
 42719 | Vaults:4 | Identified the +0 ring mail of the King of the Hill {rPois
                  | Int-5 Stlth+}
 43067 | Elf:1    | Paralysed by an air elemental for 1 turns
 43069 | Elf:1    | Received a gift from Trog
 43078 | Elf:1    | Identified the +0 scale mail of Guuts {Harm *Slow Int+3}
 43105 | Elf:1    | Found Udoahaz's Weapon Emporium.
 43124 | Elf:1    | Bought a throwing net for 48 gold pieces
 43466 | Elf:1    | Identified the ring "Eruntu" {Fire Int+2}
 43476 | Elf:1    | Identified the staff of cold "Tego" {Fragile rC+ Int+3
                  | Dex+2 SInv}
 43955 | Elf:2    | Paralysed by an air elemental for 1 turns
 44116 | Elf:2    | Received a gift from Trog
 44238 | Elf:2    | Found a runed translucent gate.
 44238 | Elf:2    | Found a runed translucent gate.
 44238 | Elf:2    | Found a runed translucent gate.
 44926 | Elf:3    | Entered Level 3 of the Elven Halls
 44970 | Elf:3    | Reached skill level 15 in Evocations
 44987 | Elf:3    | Received a gift from Trog
 45057 | Elf:3    | Noticed kazekaze's ghost (adept MiBe)
 45119 | Elf:3    | Found a runed translucent gate.
 45119 | Elf:3    | Found a runed translucent gate.
 45119 | Elf:3    | Found a runed translucent gate.
 45167 | Elf:3    | Found Wyceunuc's Overcharged Wands.
 45572 | Elf:3    | Identified the staff of cold "Goufol" {rPois rC+ Str+3
                  | Stlth-}
 45595 | Elf:3    | Identified the +3 dagger "Kyggio" {freeze, rF+ rN+ Str+5}
 45955 | Elf:3    | Identified the ring "Peadoser" {rElec Int+6 Slay+2}
 46010 | Elf:3    | Identified the +0 spear of Malasowi {venom, rElec rPois rC+
                  | Dex-5}
 46021 | Elf:3    | Identified the ring "Toiffock" {rPois rF- Will++ Dex+3}
 46240 | Elf:3    | Identified the ring "Lewneamn" {rC- rCorr Str+4 Dex+5}
 46283 | Elf:3    | Identified the +0 chain mail "Berhua" {Int+3}
 46288 | Elf:3    | Identified the staff of death "Jiediczaech" {rN+ Str+6}
 46436 | Elf:3    | Identified the +2 trident "Killer Klown's Doom" {drain,
                  | Int+3}
 46540 | Elf:3    | Paralysed by an air elemental for 1 turns
 46547 | Elf:3    | Reached XP level 24. HP: 240/240 MP: 7/23
 46551 | Elf:3    | Killed kazekaze's ghost
 46560 | Elf:3    | Identified the staff of conjuration "Etekhuss" {+Blink rF+
                  | rC++ Int-4}
 46970 | Depths:2 | Received a gift from Trog
 47859 | Hell     | Entered the Vestibule of Hell
 47861 | Hell     | Noticed Geryon
 47877 | Hell     | Killed Geryon
 48094 | Depths:3 | Found an ornate altar of the Wu Jian Council.
 48198 | Depths:3 | Noticed Parghit
 48208 | Depths:3 | Killed Parghit
 48689 | Depths:3 | Acquired the +2 pair of boots of Trial and Error {Regen+
                  | Str+2 Dex+4}
 48881 | Depths:3 | Voluntarily entered the Abyss.
 48979 | Abyss:3  | Got an abyssal rune of Zot
 49043 | Depths:3 | Escaped the Abyss
 49188 | Depths:3 | Received a gift from Trog
 49390 | Depths:4 | Entered Level 4 of the Depths
 49737 | Depths:4 | Received a gift from Trog
 49787 | Depths:4 | Found a gate to the Realm of Zot.
 49846 | Depths:4 | Noticed a juggernaut
 49853 | Depths:4 | Killed a juggernaut
 49926 | Depths:4 | Reached XP level 25. HP: 230/254 MP: 23/23
 49976 | Depths:4 | Noticed Boris
 49977 | Depths:4 | Noticed Saint Roka
 49984 | Depths:4 | Killed Boris
 49985 | Depths:4 | Killed Saint Roka
 50205 | Depths:4 | Found a portal to a secret trove of treasure.
 50224 | Depths:4 | You paid a toll of 15 scrolls of teleportation to enter a
                  | treasure trove
 50225 | Trove    | Entered a treasure trove
 50851 | Zot:1    | Entered Level 1 of the Realm of Zot
 51808 | Zot:2    | Reached skill level 27 in Fighting
 52177 | Zot:2    | Received a gift from Trog
 52334 | Zot:2    | Identified the amulet "Laeviucs" {Faith Dex+3 Stlth+}
 52410 | Zot:2    | Found a shimmering blue altar of Sif Muna.
 52410 | Zot:2    | Noticed an ancient lich
 52414 | Zot:2    | Found a transporter.
 52853 | Zot:3    | Noticed Vv
 52866 | Zot:3    | Killed Vv
 53599 | Zot:3    | Noticed an orb of fire
 53605 | Zot:3    | Gained mutation: You sometimes lose your temper in combat.
                  | [an orb of fire]
 53632 | Zot:3    | Killed an orb of fire
 53637 | Zot:3    | Lost mutation: You are vulnerable to cold. (rC-) [potion of
                  | mutation]
 53637 | Zot:3    | Lost mutation: You sometimes lose your temper in combat.
                  | [potion of mutation]
 53637 | Zot:3    | Gained mutation: You are occasionally teleported next to
                  | monsters. [potion of mutation]
 53637 | Zot:3    | Gained mutation: You have sharp fingernails. [potion of
                  | mutation]
 53637 | Zot:3    | Gained mutation: You are often teleported next to monsters.
                  | [potion of mutation]
 53637 | Zot:3    | Gained mutation: Your flesh is very heat resistant. (rF++)
                  | [potion of mutation]
 53820 | Zot:4    | Found the +3 warlock's mirror {omnireflect}
 53822 | Zot:4    | Found a transporter.
 53969 | Zot:2    | Killed an ancient lich
 54049 | Zot:2    | Reached XP level 26. HP: 226/251 MP: 3/23
 54060 | Zot:2    | Found a transporter.
 54198 | Zot:2    | Acquired 967 gold pieces
 54639 | D:5      | Killed mandoloar's ghost
 54796 | D:6      | Identified the +1 plate armour of Kuol {rN+ Str+3}
 54856 | D:6      | Found Rasir's Jewellery Shop.
 54869 | D:6      | Bought the ring of Okates {rC+ Will+ Dex+2 SInv} for 426
                  | gold pieces
 55644 | Vaults:5 | Entered Level 5 of the Vaults
 55650 | Vaults:5 | Identified the +7 short sword "Damein" {flame, rElec rC+}
                  | (Trog gifted it to you on level 5 of the Vaults)
 55650 | Vaults:5 | Received a gift from Trog
 55968 | Vaults:5 | Found the +8 orange crystal plate armour {Archmagi, Int+3
                  | Clar}
 55997 | Vaults:5 | Identified the +1 trident of the Final Decision {speed, rF+
                  | rN++ Str-5 Int+3}
 56017 | Vaults:5 | Identified the amulet "Zeiss" {RegenMP MP+9 Dex+3}
 56247 | Vaults:5 | Received a gift from Trog
 56445 | Vaults:5 | Identified the +9 great sword of Wahur {drain, rPois rCorr
                  | Str-3 Dex+6}
 56537 | Vaults:5 | Identified the +0 whip of Corruption {freeze, rF+ rC+ SInv}
 56587 | Vaults:5 | Identified the +3 battleaxe of Jusomeli {drain, Str+3
                  | Dex+3}
 56838 | Vaults:5 | Received a gift from Trog
 56912 | Vaults:5 | Identified the +7 war axe of Midsummer {speed, Drain rPois
                  | Dex+6}
 56912 | Vaults:5 | Identified the ring of Liunloyw {rN+ Will+}
 56915 | Vaults:5 | Found the -2 hat of the Alchemist {rElec rPois rF+ rC+ rN+
                  | Will+ rMut rCorr}
 56999 | Vaults:5 | Identified the staff of air "Geimm" {rElec rN+}
 57148 | Vaults:5 | Noticed an ancient lich
 57155 | Vaults:5 | Killed an ancient lich
 57160 | Vaults:5 | Identified the ring of Eternity {rN+ rCorr Str+4 Int+4}
 57200 | Vaults:5 | Got a silver rune of Zot
 57214 | Vaults:5 | Identified the staff of earth "Xapleps" {Will+}
 57224 | Vaults:5 | Identified the +0 robe "Vovim" {Str+2 SInv}
 58073 | Slime:2  | Lost mutation: You are often teleported next to monsters.
                  | [potion of mutation]
 58073 | Slime:2  | Lost mutation: You passively dampen the noise of your
                  | surroundings. [potion of mutation]
 58073 | Slime:2  | Lost mutation: Your flesh is very heat resistant. (rF++)
                  | [potion of mutation]
 58073 | Slime:2  | Gained mutation: Your system is resistant to poisons.
                  | (rPois) [potion of mutation]
 58073 | Slime:2  | Gained mutation: You have a somewhat thin skeletal
                  | structure. (Dex +2, Stealth+) [potion of mutation]
 58073 | Slime:2  | Gained mutation: Your magical capacity is low. (-10% MP)
                  | [potion of mutation]
 58074 | Slime:2  | Lost mutation: Your system is resistant to poisons. (rPois)
                  | [potion of mutation]
 58074 | Slime:2  | Lost mutation: You have a somewhat thin skeletal structure.
                  | (Dex +2, Stealth+) [potion of mutation]
 58074 | Slime:2  | Lost mutation: Your flesh is heat resistant. (rF+) [potion
                  | of mutation]
 58074 | Slime:2  | Gained mutation: You are robust. (+10% HP) [potion of
                  | mutation]
 58143 | Slime:2  | Received a gift from Trog
 58149 | Slime:2  | Gained mutation: Armour fits poorly on your strangely
                  | shaped body. [a shining eye]
 58152 | Slime:2  | Reached XP level 27. HP: 300/300 MP: 20/20
 58157 | Slime:2  | Lost mutation: Armour fits poorly on your strangely shaped
                  | body. [potion of mutation]
 58157 | Slime:2  | Lost mutation: Your magical capacity is low. (-10% MP)
                  | [potion of mutation]
 58157 | Slime:2  | Gained mutation: You passively map a small area around you.
                  | [potion of mutation]
 58157 | Slime:2  | Gained mutation: Your natural rate of healing is unusually
                  | fast. [potion of mutation]
 58544 | Slime:3  | You fall into a shaft and drop 1 floor!
 58729 | Slime:5  | Entered Level 5 of the Pits of Slime
 58814 | Slime:4  | Received a gift from Trog
 59249 | Slime:5  | Noticed the Royal Jelly
 59284 | Slime:5  | Killed the Royal Jelly
 59386 | Slime:5  | Found the +8 whip "Snakebite" {venom, curare, rPois}
 59450 | Slime:5  | Got a slimy rune of Zot
 59476 | Slime:5  | Identified the +1 ring mail "Kutiulih" {Int+7}
 59519 | Slime:5  | Identified the ring of Egomania {rElec rN++ Will- rCorr
                  | Str+2}
 59541 | Slime:5  | Identified the ring of Xom's Malicious Joy {rC+ Str+2
                  | Int+6}
 60439 | Zot:4    | Found a transporter.
 60610 | Zot:4    | Noticed an orb of fire
 60667 | Zot:4    | Killed an orb of fire
 60755 | Zot:4    | Identified the ring of Tender Moments {Drain rC++ MP-9
                  | Int+4 SInv}
 60774 | Zot:4    | Identified the ring "Timat" {rElec AC+4}
 60793 | Zot:5    | Entered Level 5 of the Realm of Zot
 60931 | Zot:5    | Noticed a dread lich
 60938 | Zot:5    | Noticed an orb of fire
 60940 | Zot:5    | Killed a dread lich
 60942 | Zot:5    | Mangled by an Orb Guardian

Illustrated notes

Levels and vault maps discovered:
D:1:      lightli_arrival_windingriver, layout_loops_ring, minmay_cupped
D:2:      layout_rooms, uniq_jessica
D:3:      layout_basic, lemuel_coloured_pillars_altar, minmay_box_of_dots,
          uniq_ijyb, uniq_natasha
D:4:      layout_basic, overflow_temple_1_default, dreamdust_wishing_well
D:5:      layout_loops_corners, hellmonk_ghost_happy_afterlife,
          uniq_crazy_yiuf_cottage
D:6:      layout_basic, temple_doors_e, serial_shops, nicolae_shop_stone
D:7:      layout_loops_ring, minitemple, serial_shops, shop, uniq_pikel,
          uniq_joseph
D:8:      layout_loops_cross, serial_demonic, serial_demonic_b,
          serial_demonic_b, serial_demonic_f, serial_demonic_f,
          minmay_misc_feat_diagonals
D:9:      layout_loops_ring, serial_shops, nicolae_shop_waterfront,
          nicolae_shop_bloodbath_and_beyond, kennysheep_mini_moat,
          kennysheep_little_box, uniq_harold
D:10:     wad_crossroads, layout_rooms, serial_shops, nicolae_stop_n_shop_1,
          enter_bailey_5, uniq_snorg
D:11:     layout_big_octagon, david_lair_generic
D:12:     nicolae_moon_pools, layout_stronghold, small_statue_alley_a,
          minivault_5, drop_trap, uniq_frances, uniq_nergalle, uniq_josephine,
          uniq_gastronok
D:13:     layout_grid_maze
D:14:     layout_loops_cross, skrybe_vaults_entry_preservation,
          gauntlet_entry_generic, fedhas_altar_2, nicolae_elyvilon_temple_path,
          uniq_agnes
D:15:     grunt_enter_depths_hoard, layout_stronghold, grunt_qazlal_clouds
Lair:1:   layout_cave_pods, grunt_megastairs_1
Lair:2:   layout_regular_city, hellmonk_spider_entry_life_and_decay,
          serial_forest, infiniplex_forest_straight_3,
          infiniplex_forest_diagonal, infiniplex_forest_straight_2,
          infiniplex_forest_clump_small, infiniplex_forest_clump_cross,
          infiniplex_forest_straight_4, infiniplex_forest_clump_small,
          infiniplex_forest_clump_small, chequers_serial_rivers_room_a
Lair:3:   layout_loops_ring, minmay_swamp_entry_eels
Lair:4:   layout_concentric_octagons, slime_entry_2, nzn_random_ring
Lair:5:   minmay_lair_end_frog_pond, layout_layer_cave,
          ebering_ghost_rock_garden
Swamp:1:  layout_falls_marsh, nicolae_swamp_very_dense_foliage,
          infiniplex_staircase_pool_2
Swamp:2:  layout_basic_swamp, hangedman_swamp_diagram
Swamp:3:  layout_falls_marsh, evilmike_swamp_ruin_house_4, uniq_louise
Swamp:4:  swamp_old_school, layout_basic_swamp, ebering_ghost_funeral_grove
Spider:1: layout_spider_delve, hangedman_spider_tarantella_strand
Spider:2: layout_chambers
Spider:3: layout_spider_delve, hellmonk_test_site
Spider:4: spider_rune_water, portal_ice_cave_entry_pillars_1
Slime:1:  layout_caves
Slime:2:  layout_caves
Slime:3:  layout_caves
Slime:4:  layout_caves, special_room [special_room_jelly]
Slime:5
Orc:1:    layout_diamond_mine, statue_in_the_mist_lemuel, uniq_jorgrun
Orc:2:    grunt_orc_community_town_hall, layout_caves,
          grunt_orc_community_big_house_1, grunt_orc_community_big_house_1,
          grunt_orc_community_house_2, grunt_orc_community_house_2,
          grunt_orc_community_house_1, grunt_orc_community_house_3,
          serial_shops, shop_statue, nooodl_orcs_dogs
Elf:1:    elf_arrival_002, layout_rooms, serial_shops,
          nicolae_shop_hallway_stairs, kennysheep_underground_church,
          minivault_25, minivault_15
Elf:2:    nicolae_elf_blades_splatter_lattice [nicolae_blade_bullseye],
          layout_rooms
Elf:3:    minmay_elf_hall_spiked, layout_geoelf_octagon, gammafunk_ghost_split,
          nicolae_shop_overcharged_wands
Vaults:1: infiniplex_enter_wizlab_glasses, v_misc_13, ontoclasm_vaults_bender,
          hangedman_vaults_cutoff, grunt_vaults_diagonal, vaults_room_boxed,
          nicolae_vaults_yaktaur_gun_rack, ontoclasm_vaults_loading_screen,
          serial_ice_g, nicolae_vaults_little_squares_6, hangedman_vaults_hat,
          nicolae_vaults_diagonal_hallway_8, v_misc_28, nicolae_vaults_alarming,
          layout_vaults_ring
Vaults:2: minmay_crypt_entry_necro_gods, nicolae_vaults_little_squares_5,
          grunt_vaults_bifocal, vaults_standard_mumra_lines,
          nicolae_vaults_asterisk, nicolae_vaults_little_squares_5,
          nicolae_vaults_network_periphery, v_misc_8, dpeg_vaults_monster_row,
          nicolae_vaults_little_squares_2, grunt_vaults_swirl, vaults_dpeg_ring,
          v_misc_5, vaults_dpeg_hooks, grunt_vaults_hallway_short,
          layout_vaults_omnicross
Vaults:3: vaults_mumra_minichess_inversion, v_misc_11,
          vaults_standard_mumra_enter_the_diamond, hangedman_vaults_trim,
          dpeg_vaults_monster_box, nicolae_vaults_three_branches,
          nicolae_vaults_rhombus_5, layout_vaults_big_room, serial_shops,
          bzr_in_the_mist
Vaults:4: v_misc_10, hangedman_vaults_stream, v_pattern_4, v_alt_pattern_6,
          nicolae_vaults_mini_display_case, nicolae_vaults_border_crossing,
          nicolae_vaults_little_squares_6, nicolae_vaults_statue_guard,
          layout_vaults_omnigrid, uniq_boris, uniq_margery, uniq_aizul
Vaults:5
Depths:1: layout_gridlike, hangedman_abyss_entry_splay,
          nicolae_hell_entry_hellmouth_sunbeams, kilobyte_mutagenic_chamber,
          serial_bayou_shore_b
Depths:2: minmay_the_grid_net [minmay_the_grid_minigrid_large,
          minmay_the_grid_paths, minmay_the_grid_empty,
          minmay_the_grid_stretched_grid, minmay_the_grid_mess,
          minmay_the_grid_prize_trominoes], layout_basic, enter_ziggurat_a,
          hangedman_geh_valley, pan_entry
Depths:3: minmay_glassy_protrusions, layout_gridlike, grunt_hell_entry_dis_old,
          minmay_room_of_horrors, nicolae_wu_jian_wuxing_cycle,
          grunt_megastairs_3, uniq_parghit
Depths:4: grunt_x_marks_the_spot, layout_cave_shapes, serial_bayou_shore_a,
          nicolae_trove_entry_isolated, hell_entry, nicolae_titane,
          uniq_saint_roka
Hell
Zot:1:    layout_twisted_circle, grunt_megastairs_5
Zot:2:    gammafunk_sealed_library, layout_misc_corridors
Zot:3:    layout_cathedral_of_symmetry, uniq_vv
Zot:4:    gammafunk_dig_for_victory, layout_onion_interference
Zot:5:    layout_misc_corridors, grunt_ministairs_1

Skill      XL: |  1  2  3  4  5  6  7  8  9 10 11 12 13 14 15 16 17 18 19 20 21 22 23 24 25 26 27 |
---------------+----------------------------------------------------------------------------------+-----
Fighting       | 4 5 6 7 9 10 11 13 15 16 17 18 19 20 21 23 24 26 27 | 27.0
Dodging        | 2 3 4 5 7 9 10 12 13 14 15 16 18 | 18.0
Throwing       | 1 2 3 4 6 7 8 9 10 11 12 | 12.8
Axes           | 5 6 7 8 9 11 16 17 23 25 27 | 27.0
Shields        | 3 |  3.1
Armour         | 4 5 7 8 10 12 13 15 16 17 19 21 22 23 25 | 25.5
Evocations     | 4 5 8 9 10 12 14 15 16 22 24 | 24.6

Action                     |  1- 3 |  4- 6 |  7- 9 | 10-12 | 13-15 | 16-18 | 19-21 | 22-24 | 25-27 || total
---------------------------+-------+-------+-------+-------+-------+-------+-------+-------+-------++-------
  Melee: Hand axe          |   100 |   214 |   209 |       |       |       |       |       |       ||   523
         Punch             |     2 |     4 |     3 |     4 |       |     2 |       |       |       ||    15
         Unarmed           |       |       |     4 |       |       |       |       |       |       ||     4
         War axe           |       |       |    57 |   265 |       |       |       |       |       ||   322
         Headbutt          |       |       |     7 |    15 |       |       |       |       |       ||    22
         Executioner's axe |       |       |       |    66 |   303 |       |   345 |  1193 |    64 ||  1971
         Battleaxe         |       |       |       |       |   442 |   680 |   298 |    31 |   864 ||  2315
         Broad axe         |       |       |       |       |       |    53 |       |       |       ||    53
  Throw: Dart              |     2 |    34 |    23 |     4 |     6 |    13 |       |       |       ||    82
         Throwing net      |       |     1 |     5 |     2 |     6 |       |       |       |       ||    14
         Boomerang         |       |       |       |    30 |   137 |   223 |    71 |    11 |    54 ||   526
         Javelin           |       |       |       |       |       |       |     3 |     2 |     2 ||     7
 Invoke: Berserk           |     1 |     4 |     7 |     4 |     8 |     3 |     4 |     5 |     4 ||    40
         Trog's Hand       |       |     2 |     2 |     8 |    13 |    11 |    10 |    30 |    20 ||    96
         Brothers in Arms  |       |       |       |     1 |     2 |     6 |     1 |     4 |       ||    14
Ability: Evoke Blink       |       |       |       |       |       |       |       |       |     8 ||     8
         Evoke Invisibilit |       |       |       |       |       |       |       |       |     1 ||     1
  Evoke: Wand              |       |       |     1 |     1 |    13 |    16 |       |     5 |     8 ||    44
         Phantom mirror    |       |       |       |       |       |     4 |     1 |     3 |     3 ||    11
         Condenser vane    |       |       |       |       |       |     2 |       |     2 |     4 ||     8
         Tin of tremorston |       |       |       |       |       |     1 |       |     1 |       ||     2
         Phial of floods   |       |       |       |       |       |       |     1 |     1 |     5 ||     7
         Box of beasts     |       |       |       |       |       |       |       |     1 |     3 ||     4
         Lightning rod     |       |       |       |       |       |       |       |       |    11 ||    11
         Horn of Geryon    |       |       |       |       |       |       |       |       |     4 ||     4
    Use: Scroll            |       |     4 |       |    15 |    19 |     8 |     7 |    10 |    15 ||    78
         Potion            |       |       |       |     3 |     2 |     5 |     9 |    13 |    20 ||    52
   Stab: Sleeping          |     1 |       |       |       |       |       |       |       |       ||     1
         Held in net/web   |       |       |     1 |     1 |     1 |       |       |       |       ||     3
         Distracted        |       |       |       |       |       |     2 |       |     4 |     1 ||     7
         Paralysed         |       |       |       |       |       |       |       |     2 |       ||     2
         Invisible         |       |       |       |       |       |       |       |       |    10 ||    10
 Armour: Animal skin       |    35 |       |       |       |       |       |       |       |       ||    35
         Ring mail         |     4 |     8 |       |       |       |       |       |       |       ||    12
         Plate armour      |       |    71 |       |       |    80 |   631 |   498 |   684 |   762 ||  2726
         Scale mail        |       |    55 |   100 |   116 |   292 |       |       |       |       ||   563
  Dodge: Dodged            |    54 |    82 |   122 |   186 |   487 |   540 |   341 |   626 |   790 ||  3228

Table legend: (Time is in decaauts)
 A = Elapsed time spent in this place.
 B = Non-inter-level travel time spent in this place.
 C = Inter-level travel time spent in this place.
 D = Time resting spent in this place.
 E = Time spent auto-exploring this place.
 F = Levels seen in this place.
 G = Mean time per level.
                   A        B        C        D        E       F      G
               +--------+--------+--------+--------+--------+-----+--------+
         Total |  61043 |  55178 |   5865 |   4133 |  37757 |  62 |  984.6 |
       Dungeon |  16435 |  14190 |   2245 |    715 |  10816 |  15 | 1095.7 |
          Lair |   8204 |   7008 |   1196 |    810 |   5043 |   5 | 1640.8 |
         Swamp |   3814 |   3641 |    173 |     61 |   2794 |   4 |  953.5 |
   Spider Nest |   5309 |   5091 |    218 |    366 |   3706 |   4 | 1327.2 |
    Slime Pits |   2183 |   2086 |     97 |    214 |   1231 |   5 |  436.6 |
  Orcish Mines |   2175 |   1935 |    240 |    220 |   1368 |   2 | 1087.5 |
   Elven Halls |   3510 |   3261 |    249 |    365 |   1917 |   3 | 1170.0 |
        Vaults |   7185 |   6792 |    393 |    226 |   4851 |   5 | 1437.0 |
        Depths |   5256 |   4582 |    674 |    266 |   3176 |   4 | 1314.0 |
          Hell |     23 |     23 |      0 |      0 |      0 |   1 |   23.0 |
           Zot |   4112 |   3735 |    377 |    275 |   2382 |   5 |  822.4 |
         Abyss |    148 |    148 |      0 |      0 |      0 |   3 |   49.3 |
        Bazaar |    168 |    168 |      0 |      0 |      0 |   1 |  168.0 |
         Trove |     50 |     50 |      0 |      0 |      0 |   1 |   50.0 |
        Bailey |    442 |    442 |      0 |    138 |     25 |   1 |  442.0 |
      Ice Cave |   1187 |   1187 |      0 |    372 |    446 |   1 | 1187.0 |
        Wizlab |    402 |    402 |      0 |    103 |      0 |   1 |  402.0 |
      Gauntlet |    432 |    432 |      0 |      0 |      0 |   1 |  432.0 |
               +--------+--------+--------+--------+--------+-----+--------+

Top non-repeatable levels by time:
  Lair:4: 1953 daAuts
Vaults:5: 1812 daAuts
    D:15: 1662 daAuts
     D:5: 1646 daAuts
  Lair:3: 1634 daAuts
   Elf:3: 1619 daAuts
Spider:4: 1617 daAuts
Vaults:4: 1607 daAuts
  Lair:1: 1601 daAuts
  Lair:5: 1584 daAuts
   Orc:2: 1568 daAuts
Depths:1: 1550 daAuts
    D:12: 1499 daAuts
    D:10: 1495 daAuts
Spider:2: 1460 daAuts
